PIO (24 & UNDER)
SURREY SINNERS @ EAU CLAIRE ESQUIRES
07/01/2030
 
TOP OF THE 1ST
Surrey Sinners batting - Pitching for Eau Claire Esquires : RHP John Silva
Pitching: RHP John Silva
Batting: LHB Martín Garza 0-0: Hit by Pitch
Batting: LHB Robert Mann 0-0: DOUBLE (Line Drive, 7LS)
Martín Garza to third
Batting: RHB Christian Porter 0-0: Called Strike
0-1: Ball
1-1: Called Strike
1-2: Ball
2-2: Ball
3-2: Base on Balls
Batting: RHB Jorge Barrios 0-0: Grounds into double play, 4-6-3 (Groundball, 4)
Martín Garza scores
Robert Mann to third
Batting: RHB Jake Townsend 0-0: Ball
1-0: Ball
2-0: Called Strike
2-1: Ball
3-1: Foul Ball, location: 2F
3-2: Foul Ball, location: 2F
3-2: DOUBLE (Line Drive, 8RXD)
Robert Mann scores
Batting: LHB Ugo Béland 0-0: Ball
1-0: Ball
2-0: Ball
3-0: Base on Balls
Batting: LHB Patrick Ferguson 0-0: Ball
1-0: Ball
2-0: Ball
3-0: Base on Balls
Jake Townsend to third
Ugo Béland to second
Batting: RHB Francisco Martínez 0-0: Ball
1-0: Ball
2-0: Foul Ball, location: 2F
2-1: Foul Ball, location: 2F
2-2: Foul Ball, location: 2F
2-2: Fly out, F7 (Line Drive, 7)
Top of the 1st over - 2 runs, 2 hits, 0 errors, 3 left on base; Surrey 2 - Eau Claire 0
BOTTOM OF THE 1ST
Eau Claire Esquires batting - Pitching for Surrey Sinners : RHP Augusto Molina
Pitching: RHP Augusto Molina
Batting: LHB Matt Taylor 0-0: Ball
1-0: Ball
2-0: Foul Ball, location: 2F
2-1: Ball
3-1: Foul Ball, location: 2F
3-2: Ground out 4-3 (Groundball, 4)
Batting: LHB Johnny Foley 0-0: Ball
1-0: Called Strike
1-1: Swinging Strike
1-2: SOLO HOME RUN (Flyball, 89XD), Distance : 362 ft
Batting: LHB Will Rhodes 0-0: Called Strike
0-1: Ball
1-1: Called Strike
1-2: SOLO HOME RUN (Flyball, 9D), Distance : 355 ft
Batting: RHB Tomás Rivera 0-0: Foul Ball, location: 2F
0-1: Swinging Strike
0-2: Foul Ball, location: 2F
0-2: Foul Ball, location: 2F
0-2: Ball
1-2: Fly out, F6 (Line Drive, 6)
Batting: LHB Caleb Ruíz 0-0: Ground out 3-1 (Groundball, 3S)
Bottom of the 1st over - 2 runs, 2 hits, 0 errors, 0 left on base; Surrey 2 - Eau Claire 2
TOP OF THE 2ND
Surrey Sinners batting - Pitching for Eau Claire Esquires : RHP John Silva
Batting: SHB Luis Días 0-0: Ball
1-0: Ball
2-0: Called Strike
2-1: Foul Ball, location: 2F
2-2: Ball
3-2: Strikes out looking
Batting: LHB Martín Garza 0-0: Ball
1-0: Foul Ball, location: 2F
1-1: Ball
2-1: Foul Ball, location: 2F
2-2: Foul Ball, location: 2F
2-2: Ball
3-2: Base on Balls
Batting: LHB Robert Mann 0-0: Ball
1-0: Ball
2-0: Ground out 4-3 (Groundball, 34)
Martín Garza to second
Batting: RHB Christian Porter 0-0: Ball
1-0: Foul Ball, location: 2F
1-1: Ball
2-1: Foul Ball, location: 2F
2-2: Ground out 4-3 (Groundball, 4)
Top of the 2nd over - 0 runs, 0 hits, 0 errors, 1 left on base; Surrey 2 - Eau Claire 2
BOTTOM OF THE 2ND
Eau Claire Esquires batting - Pitching for Surrey Sinners : RHP Augusto Molina
Batting: RHB River Cunningham 0-0: Ball
1-0: Ball
2-0: Called Strike
2-1: Ground out 5-3 (Groundball, 56)
Batting: RHB Tom McBride 0-0: Ball
1-0: Ball
2-0: SINGLE (Groundball, 34D)
Batting: RHB Glen French 0-0: Foul Ball, location: 2F
0-1: Grounds into double play, 1-4-3 (Groundball, 15S)
Bottom of the 2nd over - 0 runs, 1 hit, 0 errors, 0 left on base; Surrey 2 - Eau Claire 2
TOP OF THE 3RD
Surrey Sinners batting - Pitching for Eau Claire Esquires : RHP John Silva
Batting: RHB Jorge Barrios 0-0: Swinging Strike
0-1: Foul Ball, location: 2F
0-2: Ground out 5-3 (Groundball, 56S)
Batting: RHB Jake Townsend 0-0: Called Strike
0-1: Called Strike
0-2: Ground out 1-3 (Groundball, P)
Batting: LHB Ugo Béland 0-0: Foul Ball, location: 2F
0-1: SINGLE (Line Drive, 34)
Batting: LHB Patrick Ferguson 0-0: Ball
1-0: Ball
2-0: Ball
3-0: Base on Balls
Ugo Béland to second
Batting: RHB Francisco Martínez 0-0: Fly out, F8 (Flyball, 8RD)
Top of the 3rd over - 0 runs, 1 hit, 0 errors, 2 left on base; Surrey 2 - Eau Claire 2
BOTTOM OF THE 3RD
Eau Claire Esquires batting - Pitching for Surrey Sinners : RHP Augusto Molina
Batting: RHB Shawn López 0-0: Ball
1-0: Foul Ball, location: 2F
1-1: Swinging Strike
1-2: Ball
2-2: Ball
3-2: SOLO HOME RUN (Flyball, 78XD), Distance : 371 ft
Batting: LHB Matt Taylor 0-0: Ball
1-0: Swinging Strike
1-1: Swinging Strike
1-2: Strikes out swinging
Batting: LHB Johnny Foley 0-0: Ground out U3 (Groundball, 34)
Batting: LHB Will Rhodes 0-0: Called Strike
0-1: Ball
1-1: Ball
2-1: Ball
3-1: Ground out 4-3 (Groundball, 4D)
Bottom of the 3rd over - 1 run, 1 hit, 0 errors, 0 left on base; Surrey 2 - Eau Claire 3
TOP OF THE 4TH
Surrey Sinners batting - Pitching for Eau Claire Esquires : RHP John Silva
Batting: SHB Luis Días 0-0: Ball
1-0: Swinging Strike
1-1: Called Strike
1-2: Hit by Pitch
Batting: LHB Martín Garza 0-0: Called Strike
0-1: Swinging Strike
0-2: Ball
1-2: Ball
2-2: Ball
3-2: Base on Balls
Luis Días to second
Batting: LHB Robert Mann 0-0: Ball
1-0: Called Strike
1-1: 3-RUN HOME RUN (Flyball, 9LD), Distance : 326 ft
Batting: RHB Christian Porter 0-0: Called Strike
0-1: Ball
1-1: Fly out, F8 (Flyball, 8LD)
Batting: RHB Jorge Barrios 0-0: Foul Ball, location: 2F
0-1: Ball
1-1: Ball
2-1: SOLO HOME RUN (Flyball, 7D), Distance : 361 ft
Batting: RHB Jake Townsend 0-0: Called Strike
0-1: Fly out, F9 (Line Drive, 9D)
Batting: LHB Ugo Béland 0-0: Ball
1-0: Ground out 6-3 (Groundball, 6)
Top of the 4th over - 4 runs, 2 hits, 0 errors, 0 left on base; Surrey 6 - Eau Claire 3
BOTTOM OF THE 4TH
Eau Claire Esquires batting - Pitching for Surrey Sinners : RHP Augusto Molina
Batting: RHB Tomás Rivera 0-0: Ball
1-0: Ground out 6-3 (Groundball, 6)
Batting: LHB Caleb Ruíz 0-0: Ball
1-0: Called Strike
1-1: Called Strike
1-2: Ground out 5-3 (Groundball, 56)
Batting: RHB River Cunningham 0-0: Called Strike
0-1: Called Strike
0-2: Ball
1-2: Strikes out swinging
Bottom of the 4th over - 0 runs, 0 hits, 0 errors, 0 left on base; Surrey 6 - Eau Claire 3
TOP OF THE 5TH
Surrey Sinners batting - Pitching for Eau Claire Esquires : RHP John Silva
Batting: LHB Patrick Ferguson 0-0: Called Strike
0-1: SINGLE (Groundball, 6MD)
Pitching: RHP Ben Stewart
Batting: RHB Francisco Martínez 0-0: Ball
1-0: Ball
2-0: Fielders Choice at 2nd, 5-4 (Groundball, 5)
Batting: SHB Luis Días 0-0: Ball
Passed Ball!
Francisco Martínez to second
1-0: Foul Ball, location: 2F
1-1: 2-RUN HOME RUN (Flyball, 9D), Distance : 362 ft
Batting: LHB Martín Garza 0-0: Called Strike
0-1: Ball
1-1: Ball
2-1: Called Strike
2-2: Strikes out swinging
Batting: LHB Robert Mann 0-0: Ground out 6-3 (Groundball, 6)
Top of the 5th over - 2 runs, 2 hits, 0 errors, 0 left on base; Surrey 8 - Eau Claire 3
BOTTOM OF THE 5TH
Eau Claire Esquires batting - Pitching for Surrey Sinners : RHP Augusto Molina
Batting: RHB Tom McBride 0-0: Called Strike
0-1: SINGLE (Flyball, 78M)
Batting: RHB Glen French 0-0: Ball
1-0: SINGLE (Flyball, 8RS)
Tom McBride to second
Batting: RHB Shawn López 0-0: Ball
1-0: Ball
2-0: Ball
3-0: Base on Balls
Tom McBride to third
Glen French to second
Batting: LHB Matt Taylor 0-0: Called Strike
0-1: Foul Ball, location: 2F
0-2: Fly out, F3 (Line Drive, 3S)
Batting: LHB Johnny Foley 0-0: Ball
1-0: Ball
2-0: Foul Ball, location: 2F
2-1: Ball
3-1: SINGLE (Groundball, 6MD)
Tom McBride scores
Glen French to third
Shawn López to second
Runner from 3rd tries for Home, SAFE, throw made home
Pitching: RHP Judite Hasse
Batting: LHB Will Rhodes 0-0: Grounds into double play, 5-4-3 (Groundball, 5D)
Bottom of the 5th over - 2 runs, 3 hits, 0 errors, 1 left on base; Surrey 8 - Eau Claire 5
TOP OF THE 6TH
Surrey Sinners batting - Pitching for Eau Claire Esquires : RHP Ben Stewart
Pitching: RHP Eugene Johnston
Batting: RHB Christian Porter 0-0: Swinging Strike
0-1: Swinging Strike
0-2: Strikes out swinging
Batting: RHB Jorge Barrios 0-0: Foul Ball, location: 2F
0-1: Called Strike
0-2: Ball
1-2: Strikes out swinging
Batting: RHB Jake Townsend 0-0: Foul Ball, location: 2F
0-1: Called Strike
0-2: Ball
1-2: Foul Ball, location: 2F
1-2: Strikes out swinging
Top of the 6th over - 0 runs, 0 hits, 0 errors, 0 left on base; Surrey 8 - Eau Claire 5
BOTTOM OF THE 6TH
Eau Claire Esquires batting - Pitching for Surrey Sinners : RHP Judite Hasse
Batting: RHB Tomás Rivera 0-0: Foul Ball, location: 2F
0-1: Swinging Strike
0-2: Fly out, F9 (Flyball, 89D)
Batting: LHB Caleb Ruíz 0-0: Ball
1-0: Ball
2-0: Ball
3-0: Base on Balls
Batting: RHB River Cunningham 0-0: Ball
1-0: Ball
2-0: Called Strike
2-1: Grounds into double play, 1-6-3 (Groundball, 13)
Bottom of the 6th over - 0 runs, 0 hits, 0 errors, 0 left on base; Surrey 8 - Eau Claire 5
TOP OF THE 7TH
Surrey Sinners batting - Pitching for Eau Claire Esquires : RHP Eugene Johnston
Batting: LHB Ugo Béland 0-0: Ball
1-0: Fly out, F9 (Line Drive, 9)
Batting: LHB Patrick Ferguson 0-0: Ball
1-0: Ground out 4-3 (Groundball, 4)
Batting: RHB Francisco Martínez 0-0: Called Strike
0-1: Ball
1-1: Foul Ball, location: 2F
1-2: Fly out, F8 (Line Drive, 8LD)
Top of the 7th over - 0 runs, 0 hits, 0 errors, 0 left on base; Surrey 8 - Eau Claire 5
BOTTOM OF THE 7TH
Eau Claire Esquires batting - Pitching for Surrey Sinners : RHP Judite Hasse
Batting: RHB Tom McBride 0-0: Ball
1-0: Ball
2-0: Called Strike
2-1: Ball
3-1: Called Strike
3-2: SINGLE (Line Drive, 89M)
Batting: RHB Glen French 0-0: Called Strike
0-1: Ball
1-1: Ball
2-1: Ball
3-1: Base on Balls
Tom McBride to second
Batting: RHB Shawn López 0-0: Swinging Strike
0-1: Called Strike
0-2: Ball
1-2: Strikes out swinging
Batting: LHB Matt Taylor 0-0: Ball
1-0: Ground out U3 (Groundball, 3S)
Tom McBride to third
Glen French to second
Batting: LHB Johnny Foley 0-0: Ground out 4-3 (Groundball, 4M)
Bottom of the 7th over - 0 runs, 1 hit, 0 errors, 2 left on base; Surrey 8 - Eau Claire 5
TOP OF THE 8TH
Surrey Sinners batting - Pitching for Eau Claire Esquires : RHP Eugene Johnston
Batting: SHB Luis Días 0-0: Ball
1-0: Ball
2-0: Called Strike
2-1: Foul Ball, location: 2F
2-2: SINGLE (Groundball, 6M) (infield hit)
Batting: LHB Martín Garza 0-0: Called Strike
Luis Días steals 2nd base
0-1: Ball
1-1: SINGLE (Line Drive, 56)
Luis Días to third
Runner from 3rd tries for Home, SAFE, no throw
Batting: LHB Robert Mann 0-0: Ball
1-0: Ball
2-0: Called Strike
2-1: Ball
Wild Pitch!
Martín Garza to second
3-1: Intentional Walk
Batting: RHB Christian Porter 0-0: Ball
1-0: DOUBLE (Line Drive, 78D)
Martín Garza scores
Robert Mann to third
Batting: RHB Jorge Barrios 0-0: SINGLE (Groundball, 4MD)
Robert Mann scores
Christian Porter to third
Runner from 3rd tries for Home, SAFE, no throw
Batting: RHB Jake Townsend 0-0: Called Strike
0-1: Ball
1-1: Ball
2-1: Foul Ball, location: 2F
2-2: Ball
3-2: Strikes out looking
Batting: LHB Ugo Béland 0-0: Foul Ball, location: 2F
0-1: Foul Ball, location: 2F
0-2: Strikes out swinging
Batting: LHB Patrick Ferguson 0-0: Ball
1-0: Reached on error, E6 (Groundball, 6)
Jorge Barrios to second
Batting: RHB Francisco Martínez 0-0: Called Strike
0-1: Ball
1-1: Foul Ball, location: 2F
1-2: 3-RUN HOME RUN (Flyball, 7LD), Distance : 313 ft
Pinch Hitting: LHB Joe Spears 0-0: Ball
1-0: Called Strike
1-1: Ball
2-1: Ball
3-1: Base on Balls
Batting: LHB Martín Garza 0-0: Called Strike
0-1: SINGLE (Groundball, 6MD)
Joe Spears to second
Batting: LHB Robert Mann 0-0: Ball
1-0: Called Strike
1-1: Ball
2-1: Swinging Strike
2-2: DOUBLE (Flyball, 78XD)
Joe Spears scores
Martín Garza to third
Runner from 3rd tries for Home, SAFE, no throw
Batting: RHB Christian Porter 0-0: Foul Ball, location: 2F
0-1: Ball
1-1: Ball
2-1: Swinging Strike
2-2: 2-RUN HOME RUN (Flyball, 8RXD), Distance : 408 ft
Batting: RHB Jorge Barrios 0-0: Ball
1-0: Called Strike
1-1: Foul Ball, location: 2F
1-2: Ball
2-2: Foul Ball, location: 2F
2-2: Ball
3-2: Fly out, F6 (Popup, 6M)
Top of the 8th over - 11 runs, 8 hits, 1 error, 0 left on base; Surrey 19 - Eau Claire 5
BOTTOM OF THE 8TH
Eau Claire Esquires batting - Pitching for Surrey Sinners : RHP Judite Hasse
Now at 3B: Joe Spears
Batting: LHB Will Rhodes 0-0: Ball
1-0: Ball
2-0: TRIPLE (Line Drive, 8RXD)
Batting: RHB Tomás Rivera 0-0: Ball
Wild Pitch!
Will Rhodes scores
1-0: Called Strike
1-1: Ball
2-1: Called Strike
2-2: Foul Ball, location: 2F
2-2: Ball
3-2: Foul Ball, location: 2F
3-2: Foul Ball, location: 2F
3-2: Base on Balls
Batting: LHB Caleb Ruíz 0-0: Called Strike
0-1: Called Strike
0-2: Grounds into double play, 1-6-3 (Groundball, 13)
Batting: RHB River Cunningham 0-0: SINGLE (Flyball, 8RS)
Batting: RHB Tom McBride 0-0: Called Strike
0-1: Ball
1-1: Swinging Strike
1-2: SINGLE (Groundball, 6MD)
River Cunningham to second
Runner from 2nd tries for 3rd, SAFE, no throw
Batting: RHB Glen French 0-0: Ball
1-0: Ball
2-0: Ball
3-0: Base on Balls
Tom McBride to second
Batting: RHB Shawn López 0-0: Ball
1-0: Ball
2-0: Ball
3-0: Called Strike
3-1: Base on Balls
River Cunningham scores
Tom McBride to third
Glen French to second
Batting: LHB Matt Taylor 0-0: Ball
1-0: Ball
2-0: Foul Ball, location: 2F
2-1: Ball
3-1: DOUBLE (Line Drive, 89D)
Tom McBride scores
Glen French scores
Shawn López to third
Pinch Runner at 2nd Cipriano Salas:
Batting: LHB Johnny Foley 0-0: Foul Ball, location: 2F
0-1: Ball
1-1: Called Strike
1-2: Ball
2-2: Ball
3-2: Base on Balls
Batting: LHB Will Rhodes 0-0: Foul Ball, location: 2F
0-1: Swinging Strike
0-2: Fly out, F8 (Flyball, 8RD)
Bottom of the 8th over - 4 runs, 4 hits, 0 errors, 3 left on base; Surrey 19 - Eau Claire 9
TOP OF THE 9TH
Surrey Sinners batting - Pitching for Eau Claire Esquires : RHP Eugene Johnston
Pitching: RHP George Jackson
Now at SS: Cipriano Salas
Batting: RHB Jake Townsend 0-0: Ground out 6-3 (Groundball, 6)
Batting: LHB Ugo Béland 0-0: Called Strike
0-1: Ball
1-1: Fly out, F9 (Flyball, 9S)
Batting: LHB Patrick Ferguson 0-0: Ground out 6-3 (Groundball, 6)
Top of the 9th over - 0 runs, 0 hits, 0 errors, 0 left on base; Surrey 19 - Eau Claire 9
BOTTOM OF THE 9TH
Eau Claire Esquires batting - Pitching for Surrey Sinners : RHP Judite Hasse
Now at 2B: Dennis House
Now in CF: Jeff Buck
Batting: RHB Tomás Rivera 0-0: Called Strike
0-1: Called Strike
0-2: Ground out 1-3 (Groundball, P)
Batting: LHB Caleb Ruíz 0-0: Swinging Strike
0-1: Ball
1-1: Ball
2-1: Swinging Strike
2-2: Strikes out swinging
Batting: RHB River Cunningham 0-0: Called Strike
0-1: Ball
1-1: SINGLE (Groundball, 5D)
Batting: RHB Tom McBride 0-0: Called Strike
0-1: Called Strike
0-2: Ground out 4-3 (Groundball, 4M)
Bottom of the 9th over - 0 runs, 1 hit, 0 errors, 1 left on base; Surrey 19 - Eau Claire 9
Saturday, April 7th, 2018 - OOTP Baseball 18.8 Build 76